 Dungeon Crawl Stone Soup version 0.19.1-1-g22dce08 (webtiles) character file.

338 dngmouse the Firebug (level 6, -1/32 HPs)
             Began as a Deep Elf Fire Elementalist on Jan 20, 2017.
             Slain by a centaur (4 damage)
             ... on level 5 of the Dungeon.
             The game lasted 00:13:32 (3305 turns).

dngmouse the Firebug (Deep Elf Fire Elementalist)   Turns: 3305, Time: 00:13:33

Health: -1/32      AC:  4    Str:  5    XL:     6   Next: 29%
Magic:  4/12       EV: 13    Int: 22    God:
Gold:   162        SH:  0    Dex: 15    Spells: 4 memorised, 0 levels left

rFire  . . .     SeeInvis .     F - +1 short sword (elec)
rCold  . . .     Gourm    .     a - +0 robe
rNeg   . . .     Faith    .     (no shield)
rPois  .         Spirit   .     C - +2 hat
rElec  .         Reflect  .     (no cloak)
rCorr  .         Harm     .     (no gloves)
MR     .....                    (no boots)
Stlth  ++........               (no amulet)
                                (no ring)
                                x - ring of flight

@: very slightly contaminated
A: no striking features
a: Evoke Flight


You were on level 5 of the Dungeon.
You were very hungry.

You visited 1 branch of the dungeon, and saw 5 of its levels.

You collected 162 gold pieces.

Inventory:

Hand Weapons
 d - a +0 dagger
 p - a +1 dagger of venom
 F - a +1 short sword of electrocution (weapon)
Armour
 a - a +0 robe (worn)
 C - a +2 hat (worn)
Jewellery
 x - a ring of flight (left hand)
Scrolls
 e - a scroll of recharging {unknown}
 f - a scroll of magic mapping {unknown}
 j - 2 scrolls of remove curse {unknown}
 k - a scroll of enchant weapon {unknown}
 m - a scroll of noise {unknown}
 n - 3 scrolls of teleportation {unknown}
 o - 2 scrolls of identify {unknown}
 u - a scroll of fear {unknown}
 w - a scroll of immolation {unknown}
 y - 2 scrolls of enchant armour {unknown}
Potions
 g - 2 potions of mutation {unknown}
 h - a potion of magic {unknown}
 r - 2 potions of heal wounds {unknown}
 s - a potion of resistance {unknown}
 t - a potion of ambrosia {unknown}
 v - a potion of lignification {unknown}
 z - a potion of brilliance {unknown}
 B - a potion of might {unknown}
 E - a potion of curing {unknown}
Books
 b - a book of Flames

   Spells                             Type                      Level
   a - Flame Tongue                   Conjuration/Fire             1
   b - Throw Flame                    Conjuration/Fire             2
   c - Conjure Flame                  Conjuration/Fire             3
   d - Inner Flame                    Hexes/Fire                   3
   e - Sticky Flame                   Conjuration/Fire             4
   f - Fireball                       Conjuration/Fire             5
Comestibles
 c - a bread ration
 i - 3 slices of pizza
 l - 2 meat rations
 q - 4 beef jerkies
 A - a fruit
 D - a royal jelly


   Skills:
 - Level 2.4 Dodging
 - Level 2.4 Stealth
 - Level 3.0 Spellcasting
 + Level 5.0 Conjurations
 + Level 5.9 Fire Magic


You couldn't memorise any spells.
You knew the following spells:

 Your Spells              Type           Power        Failure   Level  Hunger
a - Flame Tongue          Conj/Fire      ####.        1%          1    None
b - Conjure Flame         Conj/Fire      ####....     4%          3    ###....
c - Inner Flame           Hex/Fire       ###.....     12%         3    ###....
d - Sticky Flame          Conj/Fire      ####....     14%         4    ####...


Dungeon Overview and Level Annotations

Branches:
Dungeon (5/15)
 Temple: D:4-7

Altars:


Message History

The flame tongue hits the centaur.
The centaur appears unharmed.
The centaur is heavily wounded.
The centaur shoots an arrow.
The arrow barely misses you.
Casting: Flame Tongue
Confirm with . or Enter, or press ? or * to list all spells.
Aiming: Flame Tongue
Press: ? - help, Shift-Dir - straight line, f/p - centaur
Aim: a centaur, wielding a shortbow (heavily wounded)
The flame tongue hits the centaur.
The centaur is severely wounded.
Casting: Flame Tongue
Confirm with . or Enter, or press ? or * to list all spells.
Aiming: Flame Tongue
Press: ? - help, Shift-Dir - straight line, f/p - centaur
Aim: a centaur, wielding a shortbow (severely wounded)
The flame tongue hits the centaur.
The centaur is almost dead.
The centaur unwields an uncursed shortbow.
The centaur barely misses you. The centaur hits you.
You die...

##.....#
#>.....##
#.......#
#.......## .
#........#
...##........
#........#.#
#..c@.(#.#
##### #####(#.#
....## ###..##
<....# #...##
###..## ##..##
##..## ####..##
#...####.....#
##...........##
#########....#


You could see a centaur.

Vanquished Creatures
  An ogre (D:4)
  A centaur skeleton (D:4)
  2 bullfrog skeletons (D:4)
  2 worker ants (D:4)
  5 adders
  A worm (D:4)
  3 dart slugs
  2 leopard geckos
  3 orcs
  A ball python (D:1)
  A giant cockroach (D:1)
  7 hobgoblins
  9 bats
  4 frilled lizards
  8 goblins
  9 kobolds
  A leopard gecko skeleton (D:4)
  6 rats
66 creatures vanquished.

Notes
Turn   | Place    | Note
-------+----------+-------------------------------------------
     0 | D:1      | dngmouse the Deep Elf Fire Elementalist began the quest for the Orb.
     0 | D:1      | Reached XP level 1. HP: 10/10 MP: 6/6
   354 | D:1      | Reached XP level 2. HP: 15/15 MP: 0/8
  1000 | D:2      | Reached XP level 3. HP: 10/19 MP: 1/9
  1005 | D:2      | Learned a level 3 spell: Conjure Flame
  1864 | D:3      | Learned a level 3 spell: Inner Flame
  1896 | D:3      | Reached XP level 4. HP: 24/24 MP: 1/10
  2510 | D:4      | Reached XP level 5. HP: 28/28 MP: 9/11
  2601 | D:4      | Reached skill level 5 in Fire Magic
  2944 | D:4      | Noticed an ogre
  2951 | D:4      | Killed an ogre
  2951 | D:4      | Reached XP level 6. HP: 32/32 MP: 2/12
  3062 | D:4      | Learned a level 4 spell: Sticky Flame
  3160 | D:4      | Reached skill level 5 in Conjurations
  3268 | D:5      | Entered Level 5 of the Dungeon
  3305 | D:5      | Slain by a centaur

Skill      XL: |  1  2  3  4  5  6 |
---------------+-------------------+-----
Conjurations   | 2 3 4 5 |  5.0
Fire Magic     | 4 5 |  5.9
Dodging        | |  2.4
Stealth        | |  2.4
Spellcasting   | |  3.0

Action                   |  1- 3 |  4- 6 || total
-------------------------+-------+-------++-------
 Cast: Flame Tongue      |    77 |    62 ||   139
       Conjure Flame     |       |     2 ||     2
  Eat: Chunk             |     3 |     2 ||     5
       Fruit             |       |     1 ||     1
Armor: Robe              |     8 |     3 ||    11
Dodge: Dodged            |    23 |     8 ||    31
